 Dungeon Crawl Stone Soup version 0.21.1-1-g345015f (webtiles) character file.

29 shakethe the Firebug (level 3, -11/19 HPs)
             Began as a Tengu Fire Elementalist on Feb 9, 2018.
             Mangled by an ice beast (13 damage)
             ... on level 1 of the Dungeon.
             The game lasted 00:04:32 (1485 turns).

shakethe the Firebug (Tengu Fire Elementalist)      Turns: 1485, Time: 00:04:33

Health: -11/19     AC:  2    Str:  8    XL:     3   Next: 16%
Magic:  7/7        EV: 12    Int: 16    God:
Gold:   40         SH:  0    Dex: 14    Spells: 5/6 levels left

rFire    . . .     SeeInvis .   g - +0 club
rCold    . . .     Gourm    .   (no shield)
rNeg     . . .     Faith    .   a - +0 robe
rPois    .         Spirit   .   (helmet restricted)
rElec    .         Reflect  .   (no cloak)
rCorr    .         Harm     .   (no gloves)
MR       .....                  (boots unavailable)
Stlth    ++........             (no amulet)
HPRegen  0.06/turn              (no ring)
MPRegen  0.10/turn              (no ring)

@: no status effects
A: beak, talons 3
a: no special abilities


You were on level 1 of the Dungeon.
You were not hungry.

You visited 1 branch of the dungeon, and saw 2 of its levels.

You collected 40 gold pieces.

Inventory:

Hand Weapons
 e - a +0 hand axe
   (You found it on level 1 of the Dungeon)
 g - a +0 club (weapon)
   (You took it off a hobgoblin on level 1 of the Dungeon)
 i - a +0 club
   (You took it off a hobgoblin on level 1 of the Dungeon)
Armour
 a - a +0 robe (worn)
Jewellery
 j - an uncursed ring of protection from cold {unknown}
   (You found it on level 1 of the Dungeon)
Scrolls
 d - a scroll of enchant armour {unknown}
 f - 3 scrolls of remove curse {unknown}
 h - 2 scrolls of identify {unknown}
Potions
 k - a potion of lignification {unknown}
Books
 b - a book of Flames
Comestibles
 c - 3 rations


   Skills:
 - Level 2.1 Dodging
 - Level 2.0 Stealth
 + Level 2.2 Spellcasting
 * Level 2.7 Conjurations
 * Level 3.8 Fire Magic


You had 5 spell levels left.
You knew the following spells:

 Your Spells              Type           Power        Failure   Level  Hunger
a - Flame Tongue          Conj/Fire      ##...        4%          1    #......


Dungeon Overview and Level Annotations

Branches:
Dungeon (2/15)

Altars:


Innate Abilities, Weirdness & Mutations

You have a beak for a mouth.
You have claws for feet.


Message History

You can't see any susceptible monsters within range! (Use Z to cast anyway.) Unknown command.
Aim: a kobold, wielding a short sword The flame tongue hits the kobold.
You now have 6/7 mp.
You closely miss the kobold. The kobold barely misses you.
You hit the kobold.
You kill the kobold!
You see here a short sword.
MP restored: 7 You see here 19 stones.
You open the door.
Health restored: 19
There is an open door here.
You see here a stone.
You are feeling very hungry.
You open the door.
There is an open door here.
A frilled lizard comes into view.
The frilled lizard hisses angrily.
Aim: a frilled lizard The flame tongue hits the frilled lizard.
You kill the frilled lizard!
You now have 6/7 mp.
f - 3 scrolls labeled PEGOJ VEIFEYNK (gained 1) MP restored: 7
Found a scroll labeled TOYKAE LUDEDOHINE.
Found a stone staircase leading down.
All of the chunks of flesh in your inventory have rotted away.
h - 2 scrolls labeled TOYKAE LUDEDOHINE (gained 1)
Things that are here:
a club; a frilled lizard skeleton
There is an open door here.
You see here a leather armour.
You see here a leather armour.
You are near starving!
You now have 26 gold pieces (gained 13).
A kobold comes into view. It is wielding a dagger.
Aim: a kobold, wielding a dagger (resting)
The flame tongue hits the kobold.
The kobold shouts!
You now have 6/7 mp.
Aim: a kobold, wielding a dagger (moderately wounded)
The flame tongue hits the kobold.
You now have 5/7 mp.
Aim: a kobold, wielding a dagger (severely wounded)
The flame tongue hits the kobold.
You kill the kobold!
You now have 4/7 mp.
You now have 40 gold pieces (gained 14).
k - a bubbling brown potion You see here a short sword.
MP restored: 7 You open the door.
There is an open door here.
There is a stone staircase leading down here.
Done exploring.
You are starving!
You need to eat something NOW!
You eat one of the 4 rations.
That ration really hit the spot!
Done exploring.
There is a stone staircase leading down here.
You climb downwards. 3 jackals come into view.
There is a stone staircase leading up here.
The jackal barks!
You can't see any susceptible monsters within range! (Use Z to cast anyway.) Unknown command.
An ice beast comes into view.
Aim: a jackal The flame tongue hits the jackal.
You kill the jackal!
The jackal barks! x2; You hear a shout! x2
You now have 6/7 mp.
Aim: a jackal The flame tongue hits the jackal.
The jackal misses you.
You now have 5/7 mp.
Aim: a jackal (moderately wounded)
The flame tongue hits the jackal.
You kill the jackal!
A kobold comes into view. It is wielding a dagger.
You now have 4/7 mp.
Aim: an ice beast The flame tongue hits the ice beast.
The ice beast melts!
The ice beast hits you. The ice beast freezes you!
Ouch! That really hurt!
* * * LOW HITPOINT WARNING * * *
You take 16 damage, and have 3/19 hp.
MASSIVE DAMAGE!!
You now have 3/7 mp.
There is a stone staircase leading up here.
The jackal pauses to sniff the ground.
You climb upwards.
There is a stone staircase leading down here.
MP restored: 7 The ice beast hits you.
* * * LOW HITPOINT WARNING * * *
The ice beast freezes you!
Ouch! That really hurt!
You die...

###
####################.###########
...................#...(.......#
.#################.#.#########.#
.# #.#.#### #)# .# ####)#....#
#.# .####### #.Y..)###'######(##
.##....### ##.@.............(..
.##......# #...................
.##......#####.................(.
.###...†.........................
.# #...............#.............
.# #.............#.#.............
.# #.............#.#.............
.# #.............................
.# ##............#.##########....


You could see an ice beast.

Vanquished Creatures
  An ooze (D:1)
  A giant cockroach (D:1)
  3 goblins (D:1)
  5 hobgoblins (D:1)
  2 jackals (D:2)
  5 kobolds (D:1)
  5 frilled lizards (D:1)
  2 rats (D:1)
24 creatures vanquished.

Notes
Turn   | Place    | Note
-------+----------+-------------------------------------------
     0 | D:1      | shakethe the Tengu Fire Elementalist began the quest for the Orb.
     0 | D:1      | Reached XP level 1. HP: 10/10 MP: 4/4
   265 | D:1      | Reached skill level 2 in Conjurations
   265 | D:1      | Reached XP level 2. HP: 15/15 MP: 3/6
   962 | D:1      | Reached XP level 3. HP: 18/19 MP: 4/7
  1433 | D:2      | Noticed an ice beast
  1439 | D:2      | HP: 3/19 [ice beast (12)]
  1485 | D:1      | HP: 2/19 [ice beast (4)]
  1485 | D:1      | Mangled by an ice beast

Skill      XL: |  1 |
---------------+----+-----
Conjurations   | 2 |  2.7
Dodging        | |  2.1
Stealth        | |  2.0
Spellcasting   | |  2.2
Fire Magic     | |  3.8

Action                   || total
-------------------------++-------
Melee: Club              ||     8
       Peck              ||     2
 Cast: Flame Tongue      ||    41
  Eat: Ration            ||     1
Armor: Robe              ||     5
Dodge: Dodged            ||    20

Vault maps used:
D:1:      matt_arrival_diagonals, minmay_pentomino_u2
D:2:      minmay_distorted

Table legend:
 A = Turns spent in this place as a percentage of turns spent in the entire game.
 B = Non-inter-level travel turns spent in this place as a percentage of non-inter-level travel turns spent in the entire game.
 C = Inter-level travel turns spent in this place as a percentage of turns spent in this place.
 D = Turns resting spent in this place as a percentage of non-inter-level travel turns spent in this place.
 E = Turns spent auto-exploring this place as a percentage of non-inter-level travel turns spent in this place.
 F = Non-inter-level travel turns spent in this place divided by the number of levels of this place that you've seen.
                   A       B       C       D       E      F
               +-------+-------+-------+-------+-------+----------------------
         Total | 100.0 | 100.0 |   0.0 |  35.0 |  27.2 | 742.5
       Dungeon | 100.0 | 100.0 |   0.0 |  35.0 |  27.2 | 742.5
               +-------+-------+-------+-------+-------+----------------------

Table legend:
 A = Kills in this place as a percentage of kills in entire the game.
 B = Kills by you in this place as a percentage of kills by you in the entire game.
 C = Kills by friends in this place as a percentage of kills by friends in the entire game.
 D = Other kills in this place as a percentage of other kills in the entire game.
 E = Experience gained in this place as a percentage of experience gained in the entire game.
 F = Experience gained in this place divided by the number of levels of this place that you have seen.
                   A       B       C       D       E      F
               +-------+-------+-------+-------+-------+----------------------
         Total | 100.0 | 100.0 |   N/A |   N/A | 100.0 |  21.0
       Dungeon | 100.0 | 100.0 |   N/A |   N/A | 100.0 |  21.0
               +-------+-------+-------+-------+-------+----------------------
